 Dungeon Crawl Stone Soup version 0.23-a0-643-g9ccc95a (webtiles) character file.

428 galech the Chopper (level 6, -10/48 HPs)
             Began as a Demonspawn Fighter on Dec 31, 2018.
             Mangled by an ogre
             ... wielding a +0 giant club
              (23 damage)
             ... on level 4 of the Dungeon.
             The game lasted 00:05:19 (4539 turns).

galech the Chopper (Demonspawn Fighter)             Turns: 4539, Time: 00:05:20

Health: -10/48     AC:  7    Str: 21    XL:     6   Next: 65%
Magic:  0/6        EV: 17    Int: 10    God:
Gold:   170        SH: 17    Dex: 21    Spells: 5/5 levels left

rFire    . . .     SeeInvis .   a - +1 war axe
rCold    . . .     Gourm    .   e - +2 large shield
rNeg     . . .     Faith    .   i - +3 leather armour
rPois    .         Spirit   +   q - +0 helmet
rElec    .         Reflect  .   (no cloak)
rCorr    .         Harm     .   (no gloves)
MR       .....                  (no boots)
Stlth    +++.......             (no amulet)
HPRegen  0.16/turn              j - +4 ring of evasion
MPRegen  0.10/turn              (no ring)

@: mighty, agile
A: claws 1, thin skeletal structure 1, powered by pain 1, magic shield
a: no special abilities


You were on level 4 of the Dungeon.
You were not hungry.

You visited 1 branch of the dungeon, and saw 4 of its levels.

You collected 170 gold pieces.

Inventory:

Hand Weapons
 a - a +1 war axe (weapon)
Armour
 e - a +2 large shield (worn)
 i - a +3 leather armour (worn)
 q - a +0 helmet (worn)
Jewellery
 j - a +4 ring of evasion (left claw)
Wands
 c - a wand of paralysis (5)
Scrolls
 h - 2 scrolls of identify
 s - a scroll of amnesia {unknown}
Potions
 b - a potion of curing {unknown}
 d - a potion of might
 g - a potion of agility {unknown}
 k - a potion of haste {unknown}
 l - 2 potions of flight {unknown}
 n - 3 potions of degeneration {unknown}
 o - a potion of resistance
 p - 2 potions of heal wounds {unknown}
 r - a potion of berserk rage {unknown}
Comestibles
 f - 6 rations
 m - 2 chunks of flesh


   Skills:
 + Level 3.7 Fighting
 + Level 4.6 Axes
 + Level 3.2 Armour
 + Level 1.3 Dodging
 + Level 1.0 Stealth
 + Level 4.1 Shields


You had 5 spell levels left.
You didn't know any spells.
Your spell library was empty.

Dungeon Overview and Level Annotations

Branches:
Dungeon (4/15)
 Temple: D:4-7

Altars:
Nemelex Xobeh


Innate Abilities, Weirdness & Mutations

You have sharp fingernails.
You have a somewhat thin skeletal structure. (Dex +2, Stealth)
You sometimes gain a little power by taking damage.
When hurt, damage is shared between your health and your magic reserves.


Message History

You hit the adder skeleton. You block the adder skeleton's attack.
You block the ogre's attack. The adder skeleton misses you.
You slash the adder skeleton!
You destroy the adder skeleton!
You hit the ogre. You block the ogre's attack.
You closely miss the ogre.
The ogre is moderately wounded.
The ogre hits you with a +0 giant club!!
* * * LOW HITPOINT WARNING * * *
You focus on the pain.
You feel very mighty all of a sudden.
You are too injured to fight recklessly!
You are too injured to fight recklessly!
You are too injured to fight recklessly!
You are too injured to fight recklessly!
You are too injured to fight recklessly!
You are too injured to fight recklessly!
You feel mightier all of a sudden.
The ogre hits you with a +0 giant club!!
You die...

#........####
#.#.......##..###)#
#........#
#.......#####.###.#
#........#
#.......#####.#....
#........#
##.#...........#.... .....
#..#...........#....
##..#................
...#####.....##.............
#.....................#....
....#######@.###########..†.
.... ##...O...>...## #....
....#.............## #....
?..................# #####
...................#
...................#
......(............#
...................#
%..................#


You could see an ogre.

Vanquished Creatures
  Blork the orc (D:4)
  2 scorpions
  2 orc priests
  An iguana (D:4)
  6 adders
  2 oozes
  An adder skeleton (D:4)
  3 worms (D:2)
  A dart slug (D:1)
  4 leopard geckos
  7 orcs
  A ball python (D:1)
  8 bats
  11 giant cockroaches
  11 goblins
  8 hobgoblins
  12 kobolds
  A quokka (D:2)
  6 frilled lizards
  A leopard gecko skeleton (D:4)
  7 rats
96 creatures vanquished.

Notes
Turn   | Place    | Note
-------+----------+-------------------------------------------
     0 | D:1      | galech the Demonspawn Fighter began the quest for the Orb.
     0 | D:1      | Reached XP level 1. HP: 18/18 MP: 1/1
    80 | D:1      | Gained mutation: You have a somewhat thin skeletal
                  | structure. (Dex +2, Stealth) [demonic ancestry]
    80 | D:1      | Reached XP level 2. HP: 21/24 MP: 2/2
   507 | D:1      | Gained mutation: When hurt, damage is shared between your
                  | health and your magic reserves. [demonic ancestry]
   507 | D:1      | Reached XP level 3. HP: 29/29 MP: 3/3
   522 | D:1      | Found a sparkling altar of Nemelex Xobeh.
  1301 | D:2      | Reached XP level 4. HP: 35/35 MP: 4/4
  2234 | D:3      | Gained mutation: You sometimes gain a little power by
                  | taking damage. [demonic ancestry]
  2234 | D:3      | Reached XP level 5. HP: 41/41 MP: 5/5
  2908 | D:4      | Noticed an ogre
  4211 | D:3      | Reached skill level 1 in Dodging
  4211 | D:3      | Gained mutation: You have sharp fingernails. [demonic
                  | ancestry]
  4211 | D:3      | Reached XP level 6. HP: 30/48 MP: 2/6
  4443 | D:4      | Noticed Blork the orc
  4461 | D:4      | Killed Blork the orc
  4511 | D:4      | Reached skill level 1 in Stealth
  4539 | D:4      | Mangled by an ogre

Vault maps used:
D:1:      dpeg_arrival_rooms_a, serial_corexii_hall,
          corexii_hall_statues_deadend, corexii_hall_statues_i,
          corexii_hall_statues_deadend, corexii_hall_statues_l,
          chequers_hall_statues_wall_a, chequers_hall_statues_y,
          nemelex_altar_shiori
D:2:      minmay_roachtagon
D:4:      first_ration, uniq_blork_the_orc

Skill      XL: |  1  2  3  4  5  6 |
---------------+-------------------+-----
Axes           | 2 3 4 |  4.6
Shields        | 3 4 |  4.1
Armour         | 3 |  3.2
Dodging        | 1 |  1.3
Stealth        | 1 |  1.0
Fighting       | |  3.7

Action                   |  1- 3 |  4- 6 || total
-------------------------+-------+-------++-------
Melee: War axe           |   123 |   191 ||   314
  Use: Scroll            |     5 |     5 ||    10
       Potion            |       |     1 ||     1
 Stab: Sleeping          |       |     1 ||     1
  Eat: Chunk             |     2 |     7 ||     9
       Ration            |       |     1 ||     1
Armor: Scale mail        |    40 |    23 ||    63
       Leather armour    |       |    22 ||    22
Dodge: Dodged            |    36 |    61 ||    97
Block: Shield            |    55 |       ||    55
       Large shield      |    11 |   172 ||   183

Table legend:
 A = Non-vault XP
 B = Vault XP
 C = Vault XP percentage of total XP
 D = Non-vault monster count
 E = Vault monster count
 F = Vault count percentage of total count
                 A         B        C        D         E       F
            +---------+---------+-------+---------+---------+-------
      Total |     506 |     106 |  17.3 |      87 |       9 |   9.4
            +---------+---------+-------+---------+---------+-------
        D:1 |      55 |       0 |   0.0 |      27 |       0 |   0.0
        D:2 |      79 |      16 |  16.8 |      25 |       8 |  24.2
        D:3 |     192 |       0 |   0.0 |      26 |       0 |   0.0
        D:4 |     180 |      90 |  33.3 |       9 |       1 |  10.0
            +---------+---------+-------+---------+---------+-------
